 Dungeon Crawl Stone Soup version 0.27.1-35-g4d5d836560 (webtiles) character file.

Game seed: 17286877131281911101

56 Delamore the Sneak (level 3, 0/24 HPs)
             Began as an Octopode Brigand on May 2, 2022.
             Slain by a worm (7 damage)
             ... on level 2 of the Dungeon.
             The game lasted 00:01:19 (1615 turns).

Delamore the Sneak (Octopode Brigand)               Turns: 1615, Time: 00:01:20

Health: 0/24       AC:  1    Str: 10    XL:     3   Next: 97%
Magic:  3/3        EV: 12    Int: 13    God:
Gold:   55         SH:  0    Dex: 14    Spells: 2/2 levels left

rFire    . . .     SeeInvis .   a - +2 dagger
rCold    . . .     Faith    .   (no shield)
rNeg     . . .     Spirit   .   (helmet restricted)
rPois    .         Reflect  .   (no amulet)
rElec    .         Harm     .   (no ring)
rCorr    .         Rampage  .   (no ring)
Will     .....                  (no ring)
Stlth    ++++......             (no ring)
HPRegen  0.08/turn              (no ring)
MPRegen  0.08/turn              (no ring)
                                (no ring)
                                (no ring)

@: no status effects
A: almost no armour, amphibious, 8 rings, camouflage 1, gelatinous body 1,
(nimble swimmer 1), tentacles
a: no special abilities


You were on level 2 of the Dungeon.
You visited 1 branch of the dungeon, and saw 2 of its levels.

You collected 55 gold pieces.

Inventory:

Hand Weapons
 a - a +2 dagger (weapon)
Missiles
 b - 8 poisoned darts (quivered)
 c - 2 curare-tipped darts
 d - 8 boomerangs
Scrolls
 g - a scroll of magic mapping {unknown}
 h - a scroll of vulnerability {unknown}
 j - a scroll of holy word {unknown}
 k - a scroll of identify {unknown}
Potions
 e - a potion of haste {unknown}
 f - a potion of mutation {unknown}
 i - a potion of degeneration {unknown}


   Skills:
 - Level 2.0 Fighting
 * Level 2.9 Short Blades
 - Level 2.0 Throwing
 - Level 1.0 Dodging
 + Level 6.8 Stealth


You had 2 spell levels left.
You didn't know any spells.
Your spell library contained the following spells:

 Spells                   Type           Power      Damage    Failure   Level
 Foxfire                  Conj/Fire      0%         2x1d4     30%         1
 Conjure Flame            Conj/Fire      0%         6-21      67%         3
 Inner Flame              Hex/Fire       0%         N/A       67%         3


Dungeon Overview and Level Annotations

Branches:
Dungeon (2/15)

Altars:


Innate Abilities, Weirdness & Mutations

You cannot wear most types of armour.
You are amphibious.
You can wear up to eight rings at the same time.
Your skin changes colour to match your surroundings (Stealth+).
Your rubbery body absorbs attacks. (AC +1, EV +1)
((You are camouflaged near water. (Stealth+)))
You have tentacles for arms and can constrict up to eight enemies at once.


Message History

The hobgoblin hits you.
You closely miss the hobgoblin. You grab the hobgoblin.
You constrict the hobgoblin. The hobgoblin barely misses you.
A worm comes into view.
You hit the hobgoblin but do no damage.
The hobgoblin is moderately wounded.
You constrict the hobgoblin. The ball python closely misses you. x2
The hobgoblin hits you.
You hit the hobgoblin but do no damage.
The hobgoblin is heavily wounded.
You constrict the hobgoblin. The ball python barely misses you.
The ball python grabs you. The ball python constricts you.
The hobgoblin barely misses you.
You barely miss the ball python. Your grab misses the ball python.
Your squeeze misses the ball python. You constrict the hobgoblin.
You kill the hobgoblin!
The ball python bites you. The ball python constricts you.
The ball python completely misses you. The ball python constricts you.
You hit the ball python.
You kill the ball python!
You hit the endoplasm.
The endoplasm is heavily wounded.
The endoplasm hits you.
You hit the endoplasm.
You kill the endoplasm!
You see here a rat corpse.
You hit the worm but do no damage. You grab the worm. You constrict the worm.
The worm bites you!
* * * LOW HITPOINT WARNING * * *
You are too injured to fight recklessly!
You are too injured to fight recklessly!
You are too injured to fight recklessly!
You are too injured to fight recklessly!
You hit the worm.
The worm is lightly wounded.
You constrict the worm. You hit the worm.
The worm is moderately wounded.
You constrict the worm. The worm bites you!
You die...

..............# .#
.......##.....######.#
.#...†..+............#
.#.....##............#
.##....###.##........#
.##..### #.##...†....#
.###.# #.##........#
.###.### #.##...†....#
.......# #.##...@....#
####...# #.##...w....#
.......# #.##........#
.....#.# #.##.....####
####.#.# #.##.....#
.....#.###.##.....#
####.#..##.##.....#
..#..##.##.....#
##.#..##.#


You could see a worm.

Vanquished Creatures
  A gnoll (D:1)
  2 dart slugs (D:1)
  4 ball pythons
  3 endoplasms
  A giant cockroach (D:2)
  6 goblins
  3 hobgoblins
  5 jackals (D:1)
  5 kobolds
  2 quokkas
  4 bats
  2 frilled lizards
  3 rats
41 creatures vanquished.

Notes
Turn   | Place    | Note
-------+----------+-------------------------------------------
     0 | D:1      | Delamore the Octopode Brigand began the quest for the Orb.
     0 | D:1      | Reached XP level 1. HP: 14/14 MP: 1/1
    74 | D:1      | Reached XP level 2. HP: 10/19 MP: 2/2
   244 | D:1      | Reached skill level 6 in Stealth
   343 | D:1      | Reached XP level 3. HP: 2/24 MP: 3/3
   960 | D:1      | Found a faded altar of an unknown god.
  1615 | D:2      | Slain by a worm

Illustrated notes

Levels and vault maps discovered:
D:1:      lightli_arrival_chessboard, layout_basic,
          dreamdust_ecumenical_altar_angels_and_demons
D:2:      layout_basic

Skill      XL: |  1  2 |
---------------+-------+-----
Stealth        | 6 |  6.8
Fighting       | |  2.0
Short Blades   | |  2.9
Throwing       | |  2.0
Dodging        | |  1.0

Action                   || total
-------------------------++-------
Melee: Dagger            ||    83
       Tentacles         ||    18
       Constrict         ||    21
Throw: Dart              ||     3
 Stab: Sleeping          ||    12
Armor: Skin              ||     3
Dodge: Dodged            ||    38
